 Dungeon Crawl Stone Soup version 0.27-a0-705-ga0013940fb (webtiles) character file.

Game seed: 10719303609109340845

25 sleeves the Skirmisher (level 2, -3/27 HPs)
             Began as a Mummy Wanderer on Mar 22, 2021.
             Slain by a hobgoblin (6 damage)
             ... on level 2 of the Dungeon.
             The game lasted 00:01:31 (1006 turns).

sleeves the Skirmisher (Mummy Wanderer)             Turns: 1006, Time: 00:01:32

Health: -3/27      AC:  2    Str: 15    XL:     2   Next: 82%
Magic:  2/2        EV: 11    Int: 10    God:
Gold:   10         SH:  0    Dex: 12    Spells: 1/1 levels left

rFire    x . .     SeeInvis .   a - +0 short sword
rCold    + . .     Faith    .   (no shield)
rNeg     + + +     Spirit   .   d - +0 robe
rPois    ∞         Reflect  .   (no helmet)
rElec    .         Harm     .   (no cloak)
rCorr    .         Rampage  .   (no gloves)
Will     .....                  (no boots)
Stlth    ++........             (no amulet)
HPRegen  0.09/turn              (no ring)
MPRegen  0.08/turn              (no ring)

@: no status effects
A: cold resistance 1, negative energy resistance 3, torment resistance 2,
unbreathing 1, heat vulnerability 1, no potions
a: no special abilities


You were on level 2 of the Dungeon.
You visited 1 branch of the dungeon, and saw 2 of its levels.

You collected 10 gold pieces.

Inventory:

Hand Weapons
 a - a +0 short sword (weapon)
 e - a +0 dagger
Armour
 b - a +0 kite shield
 d - a +0 robe (worn)
Scrolls
 c - a scroll of teleportation
 g - a scroll of acquirement {unknown}
 h - a scroll of enchant weapon {unknown}


   Skills:
 - Level 5.0 Fighting
 + Level 1.8 Short Blades
 - Level 1.0 Dodging
 + Level 2.3 Stealth
 - Level 1.0 Shields


You had one spell level left.
You didn't know any spells.
Your spell library was empty.

Dungeon Overview and Level Annotations

Branches:
Dungeon (2/15)

Altars:


Innate Abilities, Weirdness & Mutations

You are immune to poison.
Your flesh is cold resistant. (rC+)
You are immune to negative energy. (rN+++)
You are immune to unholy pain and torment.
You can survive without breathing.
You are vulnerable to heat. (rF-)
You do not drink.


Message History

Welcome, sleeves the Mummy Wanderer.
It is said that the Orb of Zot exists deep within this dungeon.
Press ? for a list of commands and other information.
Found a staircase leading out of the dungeon.
You begin with the following items: a +0 short sword, a +0 kite shield, a scroll of teleportation, a +0 robe, a +0 dagger.
You don't know any spells.
You start removing your armour.
You continue taking off your +0 kite shield. x4
You finish taking off your +0 kite shield.
You open the gate.
There is an open gate here.
There is an open gate here.
A ball python comes into view.
A ball python is nearby!
A ball python is nearby!
The ball python hisses angrily.
The ball python barely misses you. x2
You closely miss the ball python. The ball python closely misses you.
The ball python grabs you. The ball python constricts you.
You completely miss the ball python.
The ball python bites you but does no damage.
The ball python constricts you.
You hit the ball python.
The ball python is moderately wounded.
The ball python closely misses you. The ball python constricts you.
You barely miss the ball python.
The ball python is moderately wounded.
The ball python bites you. The ball python constricts you.
You hit the ball python.
You kill the ball python!
No target in view!
No target in view!
No target in view!
No target in view!
No target in view!
No target in view!
No target in view!
No target in view!
No target in view!
No target in view!
No target in view!
No target in view!
HP restored.
You see here a ball python corpse.
A jackal comes into view.
A jackal is nearby!
A jackal is nearby! 2 jackals come into view.
The jackal barks!
You hear a bark!
A jackal comes into view.
Found a mace.
The jackal barks!
You see here a ball python corpse.
You aren't carrying any items that you can evoke.
Okay, then.
You hit the jackal but do no damage. The jackal bites you.
The jackal bites you but does no damage.
You hit the jackal.
The jackal is moderately wounded.
The jackal barely misses you.
You completely miss the jackal.
The jackal is moderately wounded.
The jackal bites you but does no damage.
You closely miss the jackal. The jackal barely misses you.
You hit the jackal.
The jackal is almost dead.
The jackal closely misses you. The jackal bites you.
You hit the jackal.
You kill the jackal!
The jackal barely misses you.
You hit the jackal but do no damage.
The jackal is moderately wounded.
The jackal bites you.
You hit the jackal.
The jackal is severely wounded.
The jackal bites you. The jackal barely misses you.
You completely miss the jackal.
The jackal is severely wounded.
The jackal bites you.
You hit the jackal.
You kill the jackal!
The jackal bites you.
You miss the jackal. The jackal barely misses you.
You hit the jackal.
The jackal is heavily wounded.
The jackal completely misses you.
The jackal bites you but does no damage.
You miss the jackal.
The jackal is heavily wounded.
The jackal closely misses you.
You closely miss the jackal.
The jackal is heavily wounded.
The jackal closely misses you.
You hit the jackal but do no damage.
The jackal is heavily wounded.
The jackal closely misses you. The jackal barely misses you.
You hit the jackal.
The jackal is almost dead.
The jackal barely misses you.
You hit the jackal.
You kill the jackal!
Things that are here:
a jackal corpse; a jackal corpse You start resting.
HP restored.
A bat comes into view.
A bat is nearby!
A bat is nearby!
A bat is nearby!
A bat is nearby!
A bat is nearby!
Found a stone staircase leading down.
Found 15 sling bullets.
A kobold comes into view. It is wielding a +0 short sword.
The helpless bat fails to defend itself.
You hit the bat.
You kill the bat!
The kobold shouts!
A kobold comes into view. It is wielding a +0 short sword.
The kobold shouts!
You hit the kobold.
The kobold is severely wounded.
The kobold closely misses you.
You barely miss the kobold.
The kobold is severely wounded.
The kobold hits you with a +0 short sword.
You hit the kobold but do no damage.
The kobold is severely wounded.
The kobold hits you but does no damage.
You hit the kobold.
You kill the kobold!
The kobold closely misses you.
Things that are here:
a +0 short sword; a kobold corpse You hit the kobold.
The kobold is severely wounded.
The kobold barely misses you.
You barely miss the kobold.
The kobold is severely wounded.
The kobold hits you with a +0 short sword.
You hit the kobold.
You kill the kobold!
Your Stealth skill increases to level 2!
No target in view!
No target in view!
No target in view!
No target in view!
No target in view!
f - a scroll labelled SIYLIV SIUJEKK A rat comes into view.
A rat is nearby!
A rat is nearby!
A hobgoblin comes into view.
The hobgoblin shouts!
You swing at nothing.
You barely miss the rat. The rat bites you.
You closely miss the rat. The rat barely misses you.
You hit the rat.
The rat is heavily wounded.
The rat bites you.
You barely miss the rat.
The rat is heavily wounded.
The rat bites you.
You hit the rat.
You kill the rat!
You have reached level 2!
You hit the hobgoblin.
The hobgoblin is almost dead.
The hobgoblin hits you.
* * * LOW HITPOINT WARNING * * *
You hit the hobgoblin.
You kill the hobgoblin!
You start resting.
HP restored.
A hobgoblin comes into view.
A hobgoblin is nearby!
A hobgoblin is nearby!
No target in view!
A hobgoblin is nearby!
You closely miss the hobgoblin.
The hobgoblin shouts!
The hobgoblin hits you.
You hit the hobgoblin.
The hobgoblin is almost dead.
The hobgoblin hits you.
You hit the hobgoblin but do no damage.
The hobgoblin is almost dead.
The hobgoblin hits you.
You closely miss the hobgoblin.
The hobgoblin is almost dead.
The hobgoblin closely misses you.
An ooze comes into view.
You completely miss the hobgoblin.
The hobgoblin is almost dead.
The hobgoblin hits you.
You are too injured to fight recklessly!
You are too injured to fight recklessly!
You are too injured to fight recklessly!
The ooze quivers.
You hit the hobgoblin.
You kill the hobgoblin!
You hit the ooze.
The ooze is almost dead.
The ooze barely misses you.
You hit the ooze.
You kill the ooze!
You start resting.
HP restored.
There is an open door here.
Found a robe.
A bat comes into view.
A bat is nearby!
A bat is nearby!
The helpless bat fails to defend itself.
You hit the bat.
You kill the bat!
g - a scroll labelled VIOBYE YPAEGITREH A giant cockroach comes into view.
A giant cockroach is nearby!
The helpless giant cockroach fails to defend itself.
You hit the giant cockroach.
The giant cockroach is moderately wounded.
The giant cockroach closely misses you.
The giant cockroach bites you but does no damage.
A giant cockroach is nearby!
A giant cockroach is nearby!
You hit the giant cockroach but do no damage.
The giant cockroach bites you but does no damage.
You hit the giant cockroach.
The giant cockroach is heavily wounded.
The giant cockroach completely misses you.
You barely miss the giant cockroach.
The giant cockroach is heavily wounded.
The giant cockroach bites you.
You hit the giant cockroach but do no damage.
The giant cockroach is heavily wounded.
The giant cockroach barely misses you.
The giant cockroach bites you but does no damage.
You hit the giant cockroach.
You kill the giant cockroach!
No target in view!
No target in view!
No target in view!
A ball python comes into view.
A ball python is nearby!
A ball python is nearby!
The ball python hisses angrily.
You hit the ball python.
The ball python is severely wounded.
The ball python barely misses you. The ball python grabs you.
The ball python constricts you. The ball python closely misses you.
The ball python constricts you.
You hit the ball python.
You kill the ball python!
No target in view!
A frilled lizard comes into view.
A frilled lizard is nearby!
A frilled lizard is nearby!
A bat comes into view.
The bat hits you but does no damage.
You closely miss the bat. The bat barely misses you.
The bat closely misses you.
You hit the bat.
You kill the bat!
The helpless frilled lizard fails to defend itself.
You puncture the frilled lizard!
You kill the frilled lizard!
No target in view!
No target in view!
You enter the shallow water.
Moving in this stuff is going to be slow.
A jackal comes into view.
The jackal barks!
A ball python comes into view.
A jackal comes into view.
There are monsters nearby!
There are monsters nearby!
A jackal comes into view.
Found a stone staircase leading down.
You swing at nothing.
You swing at nothing.
The jackal closely misses you.
The jackal barks!
You hit the jackal but do no damage.
You hear a bark!
The jackal barely misses you.
You hit the jackal.
The jackal is moderately wounded.
The jackal closely misses you. The jackal misses you.
You hit the jackal but do no damage.
The jackal is moderately wounded.
The jackal bites you.
You barely miss the jackal.
The jackal is moderately wounded.
The jackal barely misses you.
You hit the jackal.
You kill the jackal!
You hit the ball python.
You kill the ball python!
You swing at nothing.
You swing at nothing.
A jackal is nearby!
A jackal is nearby!
The jackal closely misses you. The jackal barely misses you.
You hit the jackal.
The jackal is almost dead.
The jackal closely misses you.
You barely miss the jackal.
The jackal is almost dead.
The jackal barely misses you.
The jackal bites you but does no damage.
You hit the jackal.
You kill the jackal!
You see here a +0 robe.
A jackal is nearby!
A jackal is nearby!
A jackal is nearby!
No target in view!
No target in view!
A jackal is nearby!
You hit the jackal.
You kill the jackal!
No target in view!
No target in view!
No target in view!
No target in view!
No target in view!
You see here a jackal corpse.
You open the door.
There is an open door here.
h - a scroll labelled KECUUD FULEKK You open the door.
There is an open door here.
The jackal barks!
You hear a shout!
Found 10 gold pieces.
A jackal is nearby!
You hit the jackal.
You kill the jackal!
A kobold comes into view. It is wielding a +0 short sword.
The kobold throws a stone.
The stone barely misses you.
Found a stone staircase leading down.
The kobold completely misses you.
You hit the kobold.
The kobold is severely wounded.
The kobold hits you with a +0 short sword.
You barely miss the kobold.
The kobold is severely wounded.
The kobold barely misses you.
You miss the kobold.
The kobold is severely wounded.
The kobold hits you with a +0 short sword.
You barely miss the kobold.
The kobold is severely wounded.
The kobold hits you but does no damage.
You hit the kobold.
You kill the kobold!
No target in view!
Things that are here:
a +0 short sword; 3 stones You now have 10 gold pieces.
A hobgoblin comes into view.
Found a fuming ruby potion.
A hobgoblin is nearby!
A hobgoblin is nearby!
A dart slug comes into view.
The hobgoblin shouts!
The dart slug launches a dart at you. The slug dart misses you.
You closely miss the hobgoblin.
The hobgoblin hits you but does no damage.
You hit the hobgoblin.
The hobgoblin is moderately wounded.
The hobgoblin hits you.
You closely miss the hobgoblin.
The hobgoblin is moderately wounded.
The hobgoblin hits you. The dart slug launches a dart at you.
The slug dart hits you.
You are too injured to fight recklessly!
The dart slug launches a dart at you. The slug dart hits you.
* * * LOW HITPOINT WARNING * * *
You hit the hobgoblin but do no damage.
The hobgoblin is moderately wounded.
The hobgoblin closely misses you.
You completely miss the hobgoblin.
The hobgoblin is moderately wounded.
The hobgoblin misses you.
You closely miss the hobgoblin.
The hobgoblin is moderately wounded.
The hobgoblin hits you but does no damage.
You hit the hobgoblin.
The hobgoblin is severely wounded.
The hobgoblin hits you.
* * * LOW HITPOINT WARNING * * *
There is a stone staircase leading down here.
The hobgoblin hits you.
* * * LOW HITPOINT WARNING * * *
You climb downwards.
A giant cockroach comes into view.
Found a paperback book and a scale mail.
There is a stone staircase leading up here.
A kobold comes into view. It is wielding a +0 short sword.
You see here a +0 scale mail.
You barely miss the hobgoblin.
The hobgoblin is heavily wounded.
The hobgoblin hits you.
* * * LOW HITPOINT WARNING * * *
You can't drink.
As you read the scroll labelled SIYLIV SIUJEKK, it crumbles to dust.
It is a scroll of amnesia.
You feel forgetful for a moment.
The kobold shouts!
The hobgoblin closely misses you.
You hit the hobgoblin.
The hobgoblin is almost dead.
The hobgoblin hits you.
You die...

# #. .#
#. #. .#
#.##.#.#
#......#
#....#
#####B:<#
........#
#####.#g#
#.#@# #
#.# #K#
#.# #.#
#.# #.#
#.#


You could see a giant cockroach, a hobgoblin and a kobold.

Vanquished Creatures
  3 bats (D:1)
  A giant cockroach (D:1)
  2 hobgoblins (D:1)
  7 jackals (D:1)
  An ooze (D:1)
  3 ball pythons (D:1)
  A frilled lizard (D:1)
  3 kobolds (D:1)
  A rat (D:1)
22 creatures vanquished.

Notes
Turn   | Place    | Note
-------+----------+-------------------------------------------
     0 | D:1      | sleeves the Mummy Wanderer began the quest for the Orb.
     0 | D:1      | sleeves set off with the following items: a +0 short sword,
                  | a +0 kite shield, a scroll of teleportation, a +0 robe, a
                  | +0 dagger
     0 | D:1      | Reached XP level 1. HP: 21/21 MP: 1/1
   215 | D:1      | Reached skill level 2 in Stealth
   329 | D:1      | Reached XP level 2. HP: 18/27 MP: 2/2
   329 | D:1      | HP: 13/27 [hobgoblin (5)]
   983 | D:1      | HP: 13/27 [dart slug/slug dart (2)]
   990 | D:1      | HP: 11/27 [hobgoblin (2)]
   999 | D:1      | HP: 8/27 [hobgoblin (4)]
  1004 | D:2      | HP: 3/27 [hobgoblin (6)]
  1006 | D:2      | Slain by a hobgoblin

Illustrated notes

Levels and vault maps discovered:
D:1:      saegor_arrival_simple_c, layout_basic, chequers_serial_rivers_micro_e
D:2:      layout_loops_ring, lemuel_crystal_altar, serial_shops, shop,
          kennysheep_generic_room_3, uniq_natasha, uniq_crazy_yiuf_cottage,
          uniq_terence

Skill      XL: |  1 |
---------------+----+-----
Stealth        | 2 |  2.3
Fighting       | |  5.0
Short Blades   | |  1.8
Dodging        | |  1.0
Shields        | |  1.0

Action                   || total
-------------------------++-------
Melee: Short sword       ||    82
  Use: Scroll            ||     1
 Stab: Sleeping          ||     4
Armor: Robe              ||    13
Dodge: Dodged            ||    45

Table legend: (Time is in decaauts)
 A = Elapsed time spent in this place.
 B = Non-inter-level travel time spent in this place.
 C = Inter-level travel time spent in this place.
 D = Time resting spent in this place.
 E = Time spent auto-exploring this place.
 F = Levels seen in this place.
 G = Mean time per level.
                   A        B        C        D        E       F      G
               +--------+--------+--------+--------+--------+-----+--------+
         Total |   1008 |   1008 |      0 |    347 |    458 |   2 |  504.0 |
       Dungeon |   1008 |   1008 |      0 |    347 |    458 |   2 |  504.0 |
               +--------+--------+--------+--------+--------+-----+--------+

Top non-repeatable levels by time:
     D:1: 1002 daAuts
     D:2: 5 daAuts
